 Dungeon Crawl Stone Soup version 0.28.0-43-g3370ac3207 (webtiles) character file.

Game seed: 11539825574098670817

124 iamoutofideas the Firebug (level 4, -5/33 HPs)
             Began as a Draconian Fire Elementalist on Mar 20, 2022.
             Killed from afar by a white imp (8 damage)
             ... with a puff of frost
             ... summoned by Natasha
             ... on level 3 of the Dungeon.
             The game lasted 00:02:48 (2211 turns).

iamoutofideas the Firebug (DrFE)                    Turns: 2211, Time: 00:02:49

Health: -5/33      AC:  6    Str: 10    XL:     4   Next: 81%
Magic:  2/8        EV: 12    Int: 18    God:
Gold:   50         SH:  0    Dex: 11    Spells: 2/9 levels left

rFire   + . .      SeeInvis .   b - +2 dagger (venom)
rCold   . . .      Faith    .   (no shield)
rNeg    . . .      Spirit   .   (armour unavailable)
rPois   .          Reflect  .   (helmet restricted)
rElec   .          Harm     .   i - +0 cloak
rCorr   .          Rampage  .   (no gloves)
Will    .....                   (no boots)
Stlth   ++........              (no amulet)
HPRegen 0.11/turn               f - ring of protection from fire
MPRegen 0.11/turn               (no ring)

@: slowed, very slow
A: AC +5, unfitting armour, cold-blooded
a: no special abilities


You were on level 3 of the Dungeon.
You visited 1 branch of the dungeon, and saw 4 of its levels.

You collected 50 gold pieces.

Inventory:

Hand Weapons
 b - a +2 dagger of venom (weapon)
Armour
 i - a +0 cloak (worn)
Jewellery
 f - a ring of protection from fire (left hand)
Scrolls
 a - a scroll of magic mapping {unknown}
 c - 3 scrolls of identify {unknown}
 d - 2 scrolls of fog {unknown}
 g - a scroll of torment {unknown}
 h - a scroll of teleportation {unknown}
 j - a scroll of noise {unknown}
 k - a scroll of vulnerability {unknown}


   Skills:
 + Level 2.2 Dodging
 - Level 1.9 Stealth
 + Level 3.0 Spellcasting
 + Level 2.4 Conjurations
 + Level 4.0 Fire Magic


You had 2 spell levels left.
You knew the following spells:

 Your Spells              Type           Power      Damage    Failure   Level
a - Foxfire               Conj/Fire      56%        2x1d6     4%          1
b - Scorch                Fire           34%        2d6       4%          2
c - Flame Wave            Conj/Fire      14%        2d6       41%         4

Your spell library contained the following spells:

 Spells                   Type           Power      Damage    Failure   Level
 Corpse Rot               Necr/Air       4%         N/A       24%         2
 Poisonous Vapours        Pois/Air       4%         N/A       24%         2
 Conjure Flame            Conj/Fire      14%        6-21      13%         3
 Inner Flame              Hex/Fire       9%         N/A       22%         3
 Dazzling Flash           Conj/Hex       14%        N/A       30%         3
 Agony                    Necr           2%         N/A       99%         5
 Silence                  Hex/Air        1%         N/A       99%         5


Dungeon Overview and Level Annotations

Branches:
Dungeon (4/15)
 Temple: D:4-7

Altars:

Annotations:
D:3 Natasha


Innate Abilities, Weirdness & Mutations

Your plain brown scales are hard. (AC +5)
You cannot fit into any form of body armour.
You are cold-blooded and may be slowed by cold attacks.


Message History

The white imp is moderately wounded.
The foxfire hits Natasha.
Natasha is lightly wounded.
The orc barely misses you.
The white imp grins evilly.
The white imp hits you but does no damage.
Natasha claws you.
The orc wizard hits you but does no damage.
The orc hits you from afar with a +0 trident.
The white imp gestures at you. The puff of frost hits you. Natasha claws you.
You feel better.
The orc wizard hits you but does no damage.
The orc closely misses you. The white imp barely misses you.
The white imp gestures at you. The puff of frost hits you! Natasha claws you.
* * * LOW HITPOINT WARNING * * *
The orc wizard casts a spell at you. The puff of flame hits you. You resist.
* * * LOW HITPOINT WARNING * * *
The white imp gestures at you. The puff of frost hits you.
* * * LOW HITPOINT WARNING * * *
The white imp barely misses you.
The white imp disappears in a puff of smoke!
Natasha zaps a wand.
Some rock shatters into small pieces.
Natasha casts a spell at you.
You feel yourself slow down.
Natasha growls.
Natasha mumbles some strange words.
Natasha stares at you and mumbles some strange words.
You feel as though you will be slow longer.
Natasha casts a spell at you. The magic dart hits you.
* * * LOW HITPOINT WARNING * * *
Natasha mumbles some strange words.
The white imp disappears in a puff of smoke!
Natasha casts a spell.
The white imp gestures at you. The puff of frost hits you!
You die...

........#
#........#
#........#
#.....†..#
#........#
#........#
#........#
#........#


You could see an orc wizard, Natasha, a crimson imp (summoned) and 2 white imps.

Vanquished Creatures
  A bullfrog (D:4)
  2 adders (D:2)
  2 worms
  2 dart slugs
  3 orcs
  5 ball pythons
  An endoplasm (D:2)
  A giant cockroach (D:1)
  2 goblins (D:1)
  4 hobgoblins
  2 quokkas
  3 bats
  A frilled lizard (D:3)
  A kobold (D:1)
  A rat (D:2)
31 creatures vanquished.

Vanquished Creatures (others)
  126 foxfires
126 creatures vanquished.

Grand Total: 157 creatures vanquished

Notes
Turn   | Place    | Note
-------+----------+-------------------------------------------
     0 | D:1      | iamoutofideas the Draconian Fire Elementalist began the
                  | quest for the Orb.
     0 | D:1      | Reached XP level 1. HP: 14/14 MP: 3/3
   792 | D:1      | Reached XP level 2. HP: 20/20 MP: 3/5
   910 | D:1      | Found a faded altar of an unknown god.
  1305 | D:2      | Reached XP level 3. HP: 16/26 MP: 0/6
  1673 | D:2      | Learned a level 2 spell: Scorch
  1803 | D:2      | You fall into a shaft and drop 2 floors!
  1983 | D:4      | Noticed a bullfrog
  1999 | D:4      | HP: 1/26 [bullfrog (3)]
  2011 | D:4      | Killed a bullfrog
  2012 | D:4      | Reached skill level 4 in Fire Magic
  2012 | D:4      | Reached XP level 4. HP: 16/33 MP: 0/8
  2163 | D:3      | Learned a level 4 spell: Flame Wave
  2182 | D:3      | Noticed Natasha
  2211 | D:3      | Killed from afar by a white imp

Illustrated notes

Levels and vault maps discovered:
D:1:      dpeg_arrival_arbitrary_a, layout_loops_ring, serial_forest,
          infiniplex_forest_straight_2, infiniplex_forest_lined_3,
          infiniplex_forest_corner_2, infiniplex_forest_lined_room_,
          infiniplex_forest_clump_double, infiniplex_forest_straight_2,
          ebering_ecumenical_altar_hall, serial_bayou_crossing
D:2:      layout_basic, lemuel_old_faithful
D:3:      gammafunk_steamed_eel, layout_rooms, uniq_natasha, uniq_sigmund
D:4:      layout_cave_pools, serial_shops, nicolae_shop_statue_plus, shop,
          nicolae_shop_behind_doors, shop, nicolae_shop_advertising_works
          [nicolae_subvault_shop_adworks], hangedman_decor_points,
          item_on_display_a

Skill      XL: |  1  2  3 |
---------------+----------+-----
Dodging        | 2 |  2.2
Spellcasting   | 3 |  3.0
Conjurations   | 2 |  2.4
Fire Magic     | 4 |  4.0
Stealth        | |  1.9

Action                   |  1- 3 |  4- 6 || total
-------------------------+-------+-------++-------
Melee: Dagger            |    12 |     3 ||    15
       Tailslap          |     2 |     1 ||     3
 Cast: Foxfire           |    65 |    16 ||    81
  Use: Potion            |     2 |     1 ||     3
Armor: Skin              |     5 |     9 ||    14
Dodge: Dodged            |    32 |    10 ||    42
